| TOP OF THE 1ST |
|
Corpus Christi Hooks batting - Pitching for New Hampshire Fisher Cats : RHP Jeremy Thomsen
|
|
Pitching: RHP Jeremy Thomsen
|
|
|
Batting: LHB Kelvin Jones
|
0-0: Ball 1-0: Ball 2-0: Ball 3-0: Called Strike 3-1: Called Strike 3-2: Strikes out swinging
|
|
Batting: RHB Sam Spohn
|
0-0: Called Strike 0-1: Foul Ball, location: 2F 0-2: Strikes out swinging
|
|
Batting: SHB Paskar Adegoke
|
0-0: Called Strike 0-1: Ground out 4-3 (Groundball, 4, EV 108.1 MPH)
|
| Top of the 1st over - 0 runs, 0 hits, 0 errors, 0 left on base; Corpus Christi 0 - New Hampshire 0 |
| BOTTOM OF THE 1ST |
|
New Hampshire Fisher Cats batting - Pitching for Corpus Christi Hooks : RHP Chad Curry
|
|
Pitching: RHP Chad Curry
|
|
|
Batting: LHB Timo Gomez
|
0-0: Ball 1-0: Foul Ball, location: 2F 1-1: Ball 2-1: Ball 3-1: Swinging Strike 3-2: Foul Ball, location: 2F 3-2: Base on Balls
|
|
Batting: RHB Scott Travis
|
0-0: Ball 1-0: Ground out 6-3 (Groundball, 56D, EV 110.0 MPH) Timo Gomez to second
|
|
Batting: LHB Chaim Huting
|
0-0: Ball Wild Pitch! Timo Gomez to third 1-0: SINGLE (Line Drive, 34, EV 98.1 MPH) Timo Gomez scores
|
|
Batting: SHB Jack Andrews
|
0-0: Ball 1-0: Foul Ball, location: 2F 1-1: Ball 2-1: 2-RUN HOME RUN (Flyball, 89XD, EV 108.1 MPH), Distance : 431 ft
|
|
Batting: LHB Rodrigo Briceno
|
0-0: Reached on error, E6 (Groundball, 6, EV 98.8 MPH)
|
|
Batting: RHB Butch Koglin
|
0-0: Ball 1-0: Ball 2-0: Ball 3-0: Called Strike 3-1: Grounds into double play, 6-4-3 (Groundball, 6, EV 80.0 MPH)
|
| Bottom of the 1st over - 3 runs, 2 hits, 1 error, 0 left on base; Corpus Christi 0 - New Hampshire 3 |
| TOP OF THE 2ND |
|
Corpus Christi Hooks batting - Pitching for New Hampshire Fisher Cats : RHP Jeremy Thomsen
|
|
Batting: LHB Vinny Siebecker
|
0-0: Called Strike 0-1: Foul Ball, location: 2F 0-2: Ball 1-2: Ball 2-2: Strikes out swinging
|
|
Batting: RHB Jamie Jennings
|
0-0: Called Strike 0-1: Foul Ball, location: 2F 0-2: Fly out, F7 (Flyball, 78M, EV 78.8 MPH)
|
|
Batting: RHB Workneh Lagat
|
0-0: Fly out, F8 (Flyball, 8RS, EV 91.2 MPH)
|
| Top of the 2nd over - 0 runs, 0 hits, 0 errors, 0 left on base; Corpus Christi 0 - New Hampshire 3 |
| BOTTOM OF THE 2ND |
|
New Hampshire Fisher Cats batting - Pitching for Corpus Christi Hooks : RHP Chad Curry
|
|
Batting: RHB Mike Strey
|
0-0: Ground out 6-3 (Groundball, 6, EV 82.5 MPH)
|
|
Batting: SHB Tristan Dearing
|
0-0: Called Strike 0-1: Called Strike 0-2: Ball 1-2: Ball 2-2: Foul Ball, location: 2F 2-2: Foul Ball, location: 2F 2-2: SINGLE (Groundball, 3D, EV 95.6 MPH)
|
|
Batting: RHB Justin Powell
|
0-0: Called Strike 0-1: Fly out, F9 (Flyball, 89S, EV 93.1 MPH)
|
|
Batting: LHB Timo Gomez
|
0-0: Swinging Strike 0-1: Foul Ball, location: 2F 0-2: Ball 1-2: Ball Tristan Dearing is caught stealing 2nd base 2-6
|
| Bottom of the 2nd over - 0 runs, 1 hit, 0 errors, 0 left on base; Corpus Christi 0 - New Hampshire 3 |
| TOP OF THE 3RD |
|
Corpus Christi Hooks batting - Pitching for New Hampshire Fisher Cats : RHP Jeremy Thomsen
|
|
Batting: RHB Sean Mounts
|
0-0: Ball 1-0: Ball 2-0: Ground out 4-3 (Groundball, 34, EV 89.4 MPH)
|
|
Batting: RHB Steve Moore
|
0-0: Called Strike 0-1: Swinging Strike 0-2: Ball 1-2: Strikes out looking
|
|
Batting: RHB Evan Fry
|
0-0: Called Strike 0-1: Ground out 6-3 (Groundball, 6, EV 80.6 MPH)
|
| Top of the 3rd over - 0 runs, 0 hits, 0 errors, 0 left on base; Corpus Christi 0 - New Hampshire 3 |
| BOTTOM OF THE 3RD |
|
New Hampshire Fisher Cats batting - Pitching for Corpus Christi Hooks : RHP Chad Curry
|
|
Batting: LHB Timo Gomez
|
0-0: Foul Ball, location: 2F 0-1: Foul Ball, location: 2F 0-2: Strikes out looking
|
|
Batting: RHB Scott Travis
|
0-0: Fly out, F8 (Flyball, 8RD, EV 98.8 MPH)
|
|
Batting: LHB Chaim Huting
|
0-0: Ball 1-0: Foul Ball, location: 2F 1-1: Called Strike 1-2: Foul Ball, location: 2F 1-2: Ball 2-2: Foul Ball, location: 2F 2-2: SINGLE (Flyball, 7S, EV 85.0 MPH)
|
|
Batting: SHB Jack Andrews
|
0-0: Ball 1-0: Foul Ball, location: 2F 1-1: Foul Ball, location: 2F 1-2: SINGLE (Line Drive, 6M, EV 98.8 MPH) Chaim Huting to second
|
|
Batting: LHB Rodrigo Briceno
|
0-0: Fielders Choice at 2nd, U6 (Groundball, 6M, EV 80.6 MPH)
|
| Bottom of the 3rd over - 0 runs, 2 hits, 0 errors, 2 left on base; Corpus Christi 0 - New Hampshire 3 |
| TOP OF THE 4TH |
|
Corpus Christi Hooks batting - Pitching for New Hampshire Fisher Cats : RHP Jeremy Thomsen
|
|
Batting: LHB Kelvin Jones
|
0-0: Ball 1-0: Swinging Strike 1-1: Ball 2-1: Foul Ball, location: 2F 2-2: Strikes out swinging
|
|
Batting: RHB Sam Spohn
|
0-0: Ball 1-0: Swinging Strike 1-1: Swinging Strike 1-2: Ball 2-2: Ball 3-2: Strikes out swinging
|
|
Batting: SHB Paskar Adegoke
|
0-0: Foul Ball, location: 2F 0-1: Swinging Strike 0-2: Foul Ball, location: 2F 0-2: Ball 1-2: Ball 2-2: Strikes out swinging
|
| Top of the 4th over - 0 runs, 0 hits, 0 errors, 0 left on base; Corpus Christi 0 - New Hampshire 3 |
| BOTTOM OF THE 4TH |
|
New Hampshire Fisher Cats batting - Pitching for Corpus Christi Hooks : RHP Chad Curry
|
|
Batting: RHB Butch Koglin
|
0-0: Ground out 5-3 (Groundball, 56S, EV 83.8 MPH)
|
|
Batting: RHB Mike Strey
|
0-0: Ball 1-0: Foul Ball, location: 2F 1-1: Called Strike 1-2: SINGLE (Groundball, 56D, EV 101.2 MPH)
|
|
Batting: SHB Tristan Dearing
|
0-0: Ball 1-0: Called Strike 1-1: Called Strike 1-2: Ball 2-2: Ball 3-2: Strikes out swinging
|
|
Batting: RHB Justin Powell
|
0-0: Ball 1-0: Ball 2-0: Called Strike 2-1: Ground out 4-3 (Groundball, 4, EV 101.9 MPH)
|
| Bottom of the 4th over - 0 runs, 1 hit, 0 errors, 1 left on base; Corpus Christi 0 - New Hampshire 3 |
| TOP OF THE 5TH |
|
Corpus Christi Hooks batting - Pitching for New Hampshire Fisher Cats : RHP Jeremy Thomsen
|
|
Batting: LHB Vinny Siebecker
|
0-0: Ball 1-0: Ball 2-0: Fly out, F8 (Line Drive, 8RD, EV 91.2 MPH)
|
|
Batting: RHB Jamie Jennings
|
0-0: Ball 1-0: Called Strike 1-1: Ball 2-1: Fly out, F8 (Flyball, 8LD, EV 80.6 MPH)
|
|
Batting: RHB Workneh Lagat
|
0-0: Ball 1-0: Called Strike 1-1: Swinging Strike 1-2: Ball 2-2: Strikes out looking
|
| Top of the 5th over - 0 runs, 0 hits, 0 errors, 0 left on base; Corpus Christi 0 - New Hampshire 3 |
| BOTTOM OF THE 5TH |
|
New Hampshire Fisher Cats batting - Pitching for Corpus Christi Hooks : RHP Chad Curry
|
|
Batting: LHB Timo Gomez
|
0-0: Ground out 4-3 (Groundball, 4, EV 91.2 MPH)
|
|
Batting: RHB Scott Travis
|
0-0: Ball 1-0: Foul Ball, location: 2F 1-1: SOLO HOME RUN (Flyball, 7LD, EV 96.9 MPH), Distance : 364 ft
|
|
Batting: LHB Chaim Huting
|
0-0: Called Strike 0-1: Ball 1-1: Swinging Strike 1-2: Ball 2-2: Ball 3-2: Foul Ball, location: 2F 3-2: Base on Balls
|
|
Batting: SHB Jack Andrews
|
0-0: Ball Chaim Huting steals 2nd base 1-0: Swinging Strike 1-1: Ground out 4-3 (Groundball, 4, EV 87.5 MPH) Chaim Huting to third
|
|
Batting: LHB Rodrigo Briceno
|
0-0: Ball 1-0: Foul Ball, location: 5F, Error on foul ball, E5 1-1: Ball 2-1: Ball 3-1: Called Strike 3-2: Foul Ball, location: 2F 3-2: Ground out 6-3 (Groundball, 6, EV 86.2 MPH)
|
| Bottom of the 5th over - 1 run, 1 hit, 1 error, 1 left on base; Corpus Christi 0 - New Hampshire 4 |
| TOP OF THE 6TH |
|
Corpus Christi Hooks batting - Pitching for New Hampshire Fisher Cats : RHP Jeremy Thomsen
|
|
Batting: RHB Sean Mounts
|
0-0: Ball 1-0: Fly out, F8 (Flyball, 8RD, EV 94.4 MPH)
|
|
Batting: RHB Steve Moore
|
0-0: DOUBLE (Flyball, 78D, EV 101.2 MPH)
|
|
Batting: RHB Evan Fry
|
0-0: Swinging Strike 0-1: Foul Ball, location: 2F 0-2: Ground out 5-3 (Groundball, 5, EV 104.4 MPH)
|
|
Batting: LHB Kelvin Jones
|
0-0: Called Strike 0-1: Foul Ball, location: 2F 0-2: Ball 1-2: Strikes out swinging
|
| Top of the 6th over - 0 runs, 1 hit, 0 errors, 1 left on base; Corpus Christi 0 - New Hampshire 4 |
| BOTTOM OF THE 6TH |
|
New Hampshire Fisher Cats batting - Pitching for Corpus Christi Hooks : RHP Chad Curry
|
|
Batting: RHB Butch Koglin
|
0-0: Foul Ball, location: 2F 0-1: Ball 1-1: Ball 2-1: Fly out, F6 (Popup, 6, EV 60.0 MPH)
|
|
Batting: RHB Mike Strey
|
0-0: Ball 1-0: Called Strike 1-1: Ground out 6-3 (Groundball, 6, EV 85.0 MPH)
|
|
Batting: SHB Tristan Dearing
|
0-0: Ball 1-0: Ground out 4-3 (Groundball, 4S, EV 84.4 MPH)
|
| Bottom of the 6th over - 0 runs, 0 hits, 0 errors, 0 left on base; Corpus Christi 0 - New Hampshire 4 |
| TOP OF THE 7TH |
|
Corpus Christi Hooks batting - Pitching for New Hampshire Fisher Cats : RHP Jeremy Thomsen
|
|
Now at C: Bryan Peterson
|
|
|
Now at 2B: Tristan Dearing
|
|
|
Batting: RHB Sam Spohn
|
0-0: Ball 1-0: Ball 2-0: Called Strike 2-1: Called Strike 2-2: Foul Ball, location: 2F 2-2: Ground out 5-3 (Groundball, 5, EV 83.1 MPH)
|
|
Batting: SHB Paskar Adegoke
|
0-0: Called Strike 0-1: Foul Ball, location: 2F 0-2: Ball 1-2: Strikes out swinging
|
|
Batting: LHB Vinny Siebecker
|
0-0: Ball 1-0: Fly out, F8 (Line Drive, 8LM, EV 104.4 MPH)
|
| Top of the 7th over - 0 runs, 0 hits, 0 errors, 0 left on base; Corpus Christi 0 - New Hampshire 4 |
| BOTTOM OF THE 7TH |
|
New Hampshire Fisher Cats batting - Pitching for Corpus Christi Hooks : RHP Chad Curry
|
|
Batting: RHB Justin Powell
|
0-0: Foul Ball, location: 2F 0-1: Fly out, F8 (Flyball, 78D, EV 87.5 MPH)
|
|
Batting: LHB Timo Gomez
|
0-0: Ground out 5-3 (Groundball, 56, EV 86.2 MPH)
|
|
Batting: RHB Bryan Peterson
|
0-0: Ball 1-0: Ball 2-0: Swinging Strike 2-1: SINGLE (Groundball, 6M, EV 103.8 MPH) (infield hit)
|
|
Pitching: RHP Joe Rivin
|
|
|
Batting: LHB Chaim Huting
|
0-0: Ball 1-0: Ball 2-0: Called Strike 2-1: Ball 3-1: Foul Ball, location: 2F 3-2: Base on Balls Bryan Peterson to second
|
|
Batting: SHB Jack Andrews
|
0-0: Called Strike 0-1: Swinging Strike 0-2: Ball 1-2: Strikes out swinging
|
| Bottom of the 7th over - 0 runs, 1 hit, 0 errors, 2 left on base; Corpus Christi 0 - New Hampshire 4 |
| TOP OF THE 8TH |
|
Corpus Christi Hooks batting - Pitching for New Hampshire Fisher Cats : RHP Jeremy Thomsen
|
|
Batting: RHB Jamie Jennings
|
0-0: Called Strike 0-1: Ground out 2-3 (Groundball, 13S, EV 76.2 MPH)
|
|
Batting: RHB Workneh Lagat
|
0-0: Fly out, F7 (Flyball, 78M, EV 91.9 MPH)
|
|
Batting: RHB Sean Mounts
|
0-0: Ground out 5-3 (Groundball, 56, EV 104.4 MPH)
|
| Top of the 8th over - 0 runs, 0 hits, 0 errors, 0 left on base; Corpus Christi 0 - New Hampshire 4 |
| BOTTOM OF THE 8TH |
|
New Hampshire Fisher Cats batting - Pitching for Corpus Christi Hooks : RHP Joe Rivin
|
|
Batting: LHB Rodrigo Briceno
|
0-0: Called Strike 0-1: SINGLE (Groundball, 5D, EV 97.5 MPH)
|
|
Batting: RHB Butch Koglin
|
0-0: Ball 1-0: Ball 2-0: Bunted foul 2-1: Bunted foul 2-2: Ball 3-2: Base on Balls Rodrigo Briceno to second
|
|
Batting: RHB Mike Strey
|
0-0: Fly out, F9 (Flyball, 9LM, EV 90.0 MPH)
|
|
Batting: SHB Tristan Dearing
|
0-0: Fielders Choice at 2nd, 5-4 (Groundball, 56, EV 88.1 MPH) Rodrigo Briceno to third
|
|
Batting: RHB Justin Powell
|
0-0: Ground out 6-3 (Groundball, 6M, EV 102.5 MPH)
|
| Bottom of the 8th over - 0 runs, 1 hit, 0 errors, 2 left on base; Corpus Christi 0 - New Hampshire 4 |
| TOP OF THE 9TH |
|
Corpus Christi Hooks batting - Pitching for New Hampshire Fisher Cats : RHP Jeremy Thomsen
|
|
Pitching: RHP Andres Lozano
|
|
|
Batting: RHB Steve Moore
|
0-0: Ball 1-0: Ball 2-0: Ball 3-0: Base on Balls
|
|
Batting: RHB Evan Fry
|
0-0: Foul Ball, location: 2F 0-1: Swinging Strike 0-2: Ball 1-2: Foul Ball, location: 2F 1-2: Foul Ball, location: 2F 1-2: Foul Ball, location: 2F 1-2: Strikes out swinging
|
|
Batting: LHB Kelvin Jones
|
0-0: SINGLE (Groundball, 4MD, EV 94.4 MPH) Steve Moore to second
|
|
Batting: RHB Sam Spohn
|
0-0: Foul Ball, location: 2F 0-1: Fly out, F9 (Flyball, 9S, EV 87.5 MPH)
|
|
Batting: SHB Paskar Adegoke
|
0-0: Called Strike 0-1: Ball 1-1: Called Strike 1-2: Strikes out swinging
|
| Top of the 9th over - 0 runs, 1 hit, 0 errors, 2 left on base; Corpus Christi 0 - New Hampshire 4 |
|